 Dungeon Crawl Stone Soup version 0.21.0-3-g78d12a8 (webtiles) character file.

175 Moloch the Chopper (level 5, -4/33 HPs)
             Began as a Gargoyle Fighter on Jan 14, 2018.
             Killed by divine providence
             ... invoked by an orc priest
              (12 damage)
             ... on level 2 of the Dungeon.
             The game lasted 00:02:23 (1717 turns).

Moloch the Chopper (Gargoyle Fighter)               Turns: 1717, Time: 00:02:24

Health: -4/33      AC: 14    Str: 19    XL:     5   Next: 55%
Magic:  5/5        EV:  5    Int:  9    God:
Gold:   56         SH:  9    Dex: 10    Spells: 4/4 levels left

rFire    . . .     SeeInvis .   a - +0 war axe
rCold    . . .     Gourm    .   c - +0 shield
rNeg     + . .     Faith    .   l - +0 chain mail
rPois    ∞         Spirit   .   (no helmet)
rElec    +         Reflect  .   p - +0 cloak
rCorr    .         Harm     .   (no gloves)
MR       .....                  (no boots)
Stlth    ..........             h - amulet of rage
HPRegen  0.11/turn              (no ring)
MPRegen  0.09/turn              (no ring)

@: no status effects
A: negative energy resistance 1, electricity resistance, unbreathing,
petrification resistance, rot immunity, AC +4
a: Evoke Berserk Rage


You were on level 2 of the Dungeon.
You were not hungry.

You visited 1 branch of the dungeon, and saw 3 of its levels.

You collected 56 gold pieces.

Inventory:

Hand Weapons
 a - a +0 war axe (weapon)
Armour
 c - a +0 shield (worn)
 l - a +0 chain mail (worn)
 p - a +0 cloak (worn)
Jewellery
 h - an amulet of rage (around neck)
Scrolls
 b - 2 scrolls of identify {unknown}
 e - 4 scrolls of teleportation {unknown}
 g - 2 scrolls of blinking {unknown}
 i - 2 scrolls of remove curse {unknown}
Potions
 d - a potion of might
 j - a potion of haste {unknown}
 k - a potion of lignification {unknown}
 n - 2 potions of invisibility {unknown}
 o - 2 potions of flight {unknown}
Comestibles
 f - 4 rations


   Skills:
 + Level 4.1 Fighting
 * Level 4.6 Axes
 - Level 3.2 Armour
 - Level 3.2 Shields


You had 4 spell levels left.
You didn't know any spells.

Dungeon Overview and Level Annotations

Branches:
Dungeon (3/15)

Altars:


Innate Abilities, Weirdness & Mutations

You are resistant to torment.
Your stone body is resilient. (AC +4)
You are immune to poison.
You resist negative energy. (rN+)
You are resistant to electric shocks. (rElec)
You can survive without breathing.
You are immune to petrification.
You are immune to rotting.


Message History

Your shield and chain mail prevent you from hitting the orc priest.
The orc priest is severely wounded.
The orc priest hits you with a mace. You block the bat's attack.
Your shield and chain mail prevent you from hitting the orc priest.
The orc priest is severely wounded.
You barely miss the bat. The bat hits you but does no damage.
You block the orc priest's attack.
You hit the orc priest but do no damage.
The orc priest is severely wounded.
You block the bat's attack.
The orc priest mumbles some strange prayers to Beogh against you.
Beogh smites you!
* * * LOW HITPOINT WARNING * * *
You closely miss the orc priest.
The orc priest is severely wounded.
You block the bat's attack.
The orc priest hits you but does no damage.
The orc priest invokes the aid of Beogh against you.
Beogh smites you!
You die...

♣♣♣♣♣###.# #..# ########
#######.### #...)..#
#.........#### #......#
#########....###......#
#...###..........#
###...#######......#
#..........†.......#
##.#...####.@.b....##
#####......# #o....[..#
.).....#...# #........#
#####.#_#..# #........#
.......#...# #........#
#.........## #........#
#.##...#..#####........#
..###................<.#
.## ##.......#####.#####


You could see an orc priest and a bat.

Vanquished Creatures
  Crazy Yiuf (D:2)
  Terence (D:2)
  A worker ant (D:2)
  3 adders (D:2)
  An ooze (D:1)
  4 worms (D:2)
  6 leopard geckos
  An orc (D:2)
  6 giant cockroaches
  3 goblins
  2 hobgoblins (D:1)
  4 jackals
  A quokka (D:2)
  A ball python (D:2)
  3 bats
  2 frilled lizards
  7 kobolds
  4 rats
51 creatures vanquished.

Notes
Turn   | Place    | Note
-------+----------+-------------------------------------------
     0 | D:1      | Moloch the Gargoyle Fighter began the quest for the Orb.
     0 | D:1      | Reached XP level 1. HP: 14/14 MP: 1/1
   180 | D:1      | Reached XP level 2. HP: 18/19 MP: 2/2
   681 | D:1      | Reached XP level 3. HP: 24/24 MP: 3/3
   874 | D:2      | Reached XP level 4. HP: 15/29 MP: 4/4
  1377 | D:2      | Noticed Terence
  1388 | D:2      | Killed Terence
  1388 | D:2      | Reached XP level 5. HP: 30/33 MP: 5/5
  1402 | D:2      | Found a faded altar of an unknown god.
  1424 | D:2      | Found a runed door.
  1659 | D:2      | Noticed Crazy Yiuf
  1666 | D:2      | Killed Crazy Yiuf
  1717 | D:2      | Killed from afar by an orc priest

Skill      XL: |  1  2  3  4 |
---------------+-------------+-----
Axes           | 2 3 4 |  4.6
Fighting       | 4 |  4.1
Armour         | |  3.2
Shields        | |  3.2

Action                   |  1- 3 |  4- 6 || total
-------------------------+-------+-------++-------
Melee: War axe           |    89 |    97 ||   186
 Abil: Evoke Berserk Rag |       |     1 ||     1
  Eat: Chunk             |       |     4 ||     4
Armor: Scale mail        |    18 |       ||    18
       Chain mail        |    33 |    66 ||    99
Dodge: Dodged            |    33 |    24 ||    57
Block: Shield            |    54 |    62 ||   116
